 Dungeon Crawl Stone Soup version 0.31.0-9-g3a7656b989 (webtiles) character file.

Game seed: 9452124227275817801

22 qw the Shooter (level 2, 0/16 HPs)
             Began as a Deep Elf Hunter on Feb 2, 2024.
             Slain by a jackal (3 damage)
             ... on level 1 of the Dungeon.
             The game lasted 00:00:02 (612 turns).

qw the Shooter (Deep Elf Hunter)                     Turns: 612, Time: 00:00:02

Health: 0/16       AC:  3    Str:  8    XL:     2   Next: 68%
Magic:  4/4        EV: 12    Int: 13    God:
Gold:   33         SH:  0    Dex: 18    Spells: 1/1 levels left

rFire   . . .        a - +0 shortbow
rCold   . . .        (shield currently unavailable)
rNeg    . . .        c - +0 leather armour
rPois   .            (no helmet)
rElec   .            (no cloak)
rCorr   .            (no gloves)
SInv    .            (no boots)
Will    .....        (no amulet)
Stlth   ++           (no ring)
HPRegen 0.22/turn    (no ring)
MPRegen 0.09/turn

%: no passive effects
@: no status effects
A: no striking features
a: no special abilities


You were on level 1 of the Dungeon.
You visited 1 branch of the dungeon, and saw 1 of its levels.

You collected 33 gold pieces.


   Skills:
 - Level 1.5 Fighting
 + Level 6.4 Ranged Weapons
 - Level 2.4 Dodging
 - Level 1.2 Stealth


You had one spell level left.
You didn't know any spells.
Your spell library was empty.

Inventory:

Hand Weapons
 a - a +0 shortbow (weapon)
Armour
 c - a +0 leather armour (worn)
 d - a +0 ring mail
 e - a +0 helmet
 g - a +2 hat of willpower
Jewellery
 i - a +6 ring of dexterity
Scrolls
 b - a scroll of butterflies
 h - a scroll of fear {unknown}
Potions
 f - a potion of attraction {unknown}

Dungeon Overview and Level Annotations

Branches:
Dungeon (1/15)

Altars:


Message History

You shoot an arrow. The arrow hits the dart slug.
The dart slug is heavily wounded.
You hear a shout!
The jackal closely misses you. The jackal barely misses you.
The dart slug barely misses you.
You shoot an arrow. The arrow hits the dart slug.
The dart slug is heavily wounded.
The jackal barely misses you. The jackal bites you. x2
A kobold comes into view. It is wielding a +0 dagger.
The jackal bites you. The dart slug launches a dart at you.
The slug dart hits you.
You shoot an arrow. The arrow hits the dart slug.
The dart slug is almost dead.
The jackal bites you. The jackal closely misses you.
The jackal barely misses you.
You shoot an arrow. The arrow hits the dart slug.
You kill the dart slug!
The jackal closely misses you. x2; The jackal barely misses you.
You shoot an arrow. The arrow barely misses the jackal.
The arrow closely misses the kobold.
The jackal barely misses you. x2
The jackal bites you but does no damage.
The jackal barely misses you.
You shoot an arrow. The arrow closely misses the kobold.
The kobold barely misses you. The jackal barely misses you.
The jackal completely misses you. The jackal closely misses you.
The kobold closely misses you.
You shoot an arrow. The arrow hits the kobold.
The kobold is heavily wounded.
The jackal bites you. The jackal misses you. The jackal closely misses you.
The kobold closely misses you.
You shoot an arrow. The arrow hits the kobold.
You kill the kobold!
The jackal closely misses you. The jackal barely misses you.
The jackal closely misses you. x2
You shoot an arrow. The arrow hits the jackal.
You kill the jackal!
The jackal bites you.
You die...

...........#
#....###.# .#
...).#.#..##
##.......# .#
##......#..
##....##### ........+
. ##...#.....
##......#
#..%.##~77P7
..####### ##....7~~~
#.....# ##....~P~~~~
#.....# #...#~~~~~~P~
......# ##@...~7~~~~~
#.....# #h.)#.#~~~~~
#.....# .#
.......#~~~~~
......###.#.###.##..#


777 ............# #. .... ..###.......# #+ >.... #.# #.......# #.:..7 #.#
#.......# ....7 #.###.......#7777 You could see a jackal.

Vanquished Creatures
  2 dart slugs (D:1)
  A giant cockroach (D:1)
  2 hobgoblins (D:1)
  3 jackals (D:1)
  3 kobolds (D:1)
  A quokka (D:1)
  2 bats (D:1)
  3 rats (D:1)
17 creatures vanquished.

Notes
Turn   | Place    | Note
-------+----------+-------------------------------------------
     0 | D:1      | qw the Deep Elf Hunter began the quest for the Orb.
     0 | D:1      | Reached XP level 1. HP: 12/12 MP: 3/3
     0 | D:1      | 0 ||| qw: Version: 0.3-a-155-g5e7d8dd
     0 | D:1      | 0 ||| qw: Game counter: 2023
     0 | D:1      | 0 ||| qw: Melee chars always use a shield: true
     0 | D:1      | 0 ||| qw: God list: Okawaru
     0 | D:1      | 0 ||| qw: Allow faded altars: false
     0 | D:1      | 0 ||| qw: Do Orc after clearing Dungeon:15 true
     0 | D:1      | 0 ||| qw: Do second Lair branch before Depths: true
     0 | D:1      | 0 ||| qw: Lair rune preference: random
     0 | D:1      | 0 ||| qw: Goals: Normal
     0 | D:1      | 0 ||| PLANNING D:1-11
   226 | D:1      | Reached XP level 2. HP: 16/16 MP: 4/4
   233 | D:1      | Reached skill level 6 in Ranged Weapons
   606 | D:1      | HP: 2/16 [jackal (3)]
   612 | D:1      | Slain by a jackal

Levels and vault maps discovered:
D:1:      dpeg_arrival_tiny_d, layout_basic, serial_bayou, serial_bayou_pond_a,
          serial_bayou_lake_a, serial_bayou_lagoon_b, serial_bayou_pond_d,
          nicolae_figureground_pulse

Skill      XL: |  1  2 |
---------------+-------+-----
Ranged Weapons | 6 |  6.4
Fighting       | |  1.5
Dodging        | |  2.4
Stealth        | |  1.2

Action                     || total
---------------------------++-------
   Fire: Shortbow          ||    44
 Armour: Leather armour    ||    24
  Dodge: Dodged            ||    34

Table legend:
 A = Non-vault XP
 B = Vault XP
 C = Vault XP percentage of total XP
 D = Non-vault monster count
 E = Vault monster count
 F = Vault count percentage of total count
                 A         B        C        D         E       F
            +---------+---------+-------+---------+---------+-------
      Total |      34 |       0 |   0.0 |      17 |       0 |   0.0
            +---------+---------+-------+---------+---------+-------
        D:1 |      34 |       0 |   0.0 |      17 |       0 |   0.0
            +---------+---------+-------+---------+---------+-------
